 Dungeon Crawl Stone Soup version 0.31-a0-1008-g5b978dac0e (webtiles) character file.

Game seed: 18409196322792019605

265 Revguard the Ducker (level 5, 0/25 HPs)
             Began as a Felid Monk on Nov 13, 2023.
             Constricted to death by Ijyb (4 damage)
             ... on level 3 of the Dungeon.
             The game lasted 00:07:26 (1722 turns).

Revguard the Ducker (Felid Monk)                    Turns: 1722, Time: 00:07:27

Health: 0/25       AC:  1    Str:  9    XL:     5   Next: 99%
Magic:  8/8        EV: 17    Int: 11    God:
Gold:   117        SH:  0    Dex: 19    Spells: 7/7 levels left
                                        Lives:  0   Deaths: 2

rFire   . .          .
                       - Unarmed
rCold   . . .        (shield unavailable)
rNeg    . . .        (body armour unavailable)
rPois   .            (helmet unavailable)
rElec   .            (cloak unavailable)
rCorr   .            (gloves unavailable)
SInv    +            (boots unavailable)
Will    .....        (no amulet)
Stlth   ++           (no ring)
HPRegen 0.24/turn    (no ring)
MPRegen 0.11/turn

%: no passive effects
@: grasped by roots, constricted, quick
A: very small, claws 1, fangs 3, see invisible, speed 1, shaggy fur 1, stealthy
paws, no weapons or thrown items, no armour, multi-lived
a: no special abilities


You were on level 3 of the Dungeon.
You visited 1 branch of the dungeon, and saw 3 of its levels.

You collected 172 gold pieces.
You spent 55 gold pieces at shops.

Inventory:

Potions
 a - a potion of resistance
 c - a potion of curing {unknown}


   Skills:
 * Level 4.2 Fighting
 + Level 4.9 Dodging
 + Level 2.6 Stealth
 * Level 4.2 Unarmed Combat
 + Level 1.6 Spellcasting
 + Level 2.4 Hexes


You had 7 spell levels left.
You didn't know any spells.
Your spell library was empty.

Dungeon Overview and Level Annotations

Branches:
Dungeon (3/15)

Altars:
Makhleb

Shops:
D:3 *

Annotations:
D:3 Ijyb, Robin


Innate Abilities, Weirdness & Mutations

You have sharp claws.
You have razor-sharp teeth.
You have supernaturally acute eyesight. (SInv)
You cover ground quickly. (Speed+)
You are covered in fur. (AC +1)
Your paws help you pounce on unaware monsters.
You are incapable of wielding weapons or throwing items.
You cannot wear armour.
You gain extra lives every three experience levels.


Message History

The orc priest is lightly wounded.
You scratch the orc priest but do no damage.
Your bite misses the orc priest.
The orc priest is lightly wounded.
You scratch the orc. You bite the orc.
You kill the orc!
The orc priest hits you with a +0 mace.
You scratch the orc priest but do no damage.
The orc priest is lightly wounded.
The orc priest mumbles some strange prayers to Beogh against you.
Beogh smites you!
Ouch! That really hurt!
* * * LOW HITPOINT WARNING * * *
The orc priest misses you.
Robin roars a battlecry!
The goblin goes into a battle-frenzy!
You hear a shout!
You see here 3 curare-tipped darts.
You start resting.
Your extra speed is starting to run out.
You start resting.
You feel yourself slow down.
You start resting.
A hobgoblin is nearby!
A hobgoblin is nearby!
The hobgoblin completely misses you.
The hobgoblin attacks as it pursues you!
The hobgoblin completely misses you.
The hobgoblin attacks as it pursues you!
The hobgoblin completely misses you.
Ijyb zaps a wand.
The roots erupt in riotous growth!
The grasping roots grab you! The grasping roots constrict you!
* * * LOW HITPOINT WARNING * * *
You hear a shout!
You escape the roots grasp.
Ijyb zaps a wand.
The roots erupt in riotous growth!
The grasping roots grab you! The grasping roots constrict you.
You die...

######...........)##..
#.............###)....
#######'##+#### #.##.#
#.........# #.##.#
####)........# #.##.#
#<.....รท.....# #.##.#
####<..[......# #.##.#
#)...[........# #.##.#
#....@........# ### ##
#.......####+##
#.......# #
#....g.#####.#
#......##..).#
#.........###
#.[....g....#
####+#....#.#######
#..............#


You could see Ijyb and a hobgoblin.

Vanquished Creatures
  Sigmund (D:2)
  An orc priest (D:3)
  2 adders
  A worm (D:3)
  2 dart slugs (D:2)
  5 orcs (D:3)
  8 bats
  3 endoplasms
  3 giant cockroaches
  3 goblins
  3 hobgoblins
  4 jackals (D:2)
  3 ball pythons
  3 frilled lizards (D:1)
  5 kobolds
  2 rats
49 creatures vanquished.

Notes
Turn   | Place    | Note
-------+----------+-------------------------------------------
     0 | D:1      | Revguard the Felid Monk began the quest for the Orb.
     0 | D:1      | Reached XP level 1. HP: 10/10 MP: 2/2
   231 | D:1      | Found a faded altar of an unknown god.
   248 | D:1      | Reached XP level 2. HP: 14/14 MP: 3/3
   846 | D:2      | Reached skill level 1 in Stealth
   846 | D:2      | Reached skill level 1 in Hexes
   846 | D:2      | Reached XP level 3. HP: 8/17 MP: 4/4
   892 | D:2      | Noticed Sigmund
   913 | D:2      | Killed from afar by Sigmund
   960 | D:2      | Killed Sigmund
   961 | D:2      | Reached skill level 1 in Spellcasting
   961 | D:2      | Reached XP level 4. HP: 22/22 MP: 4/7
   961 | D:2      | Reached XP level 5. HP: 25/25 MP: 4/8
  1246 | D:2      | Found a burning altar of Makhleb.
  1413 | D:3      | Slain by an orc
  1470 | D:3      | Found Degeim's General Store.
  1474 | D:3      | Bought a potion of heal wounds for 55 gold pieces
  1649 | D:3      | Noticed Ijyb
  1649 | D:3      | Noticed Robin
  1722 | D:3      | Constricted to death by Ijyb

Illustrated notes

Levels and vault maps discovered:
D:1:      evilmike_arrival_fibonacci_small, layout_loops_ring,
          shapermc_ecumenical_altar_mp_highgroup, chequers_serial_rivers_room_b
D:2:      layout_rooms, basic_altar, uniq_sigmund
D:3:      layout_basic, serial_shops, nicolae_shop_real_fake_doors,
          nicolae_goblin_pals

Skill      XL: |  1  2  3 |
---------------+----------+-----
Stealth        | 1 2 |  2.6
Hexes          | 1 2 |  2.4
Fighting       | 4 |  4.2
Unarmed Combat | 4 |  4.2
Spellcasting   | 1 |  1.6
Dodging        | |  4.9

Action                     |  1- 3 |  4- 6 || total
---------------------------+-------+-------++-------
  Melee: Unarmed           |   109 |    62 ||   171
         Bite              |     8 |     5 ||    13
         Punch             |     3 |     3 ||     6
    Use: Potion            |     1 |     4 ||     5
         Scroll            |       |     6 ||     6
   Stab: Sleeping          |     4 |     9 ||    13
 Armour: Skin              |    33 |    13 ||    46
  Dodge: Dodged            |   116 |    50 ||   166

Table legend: (Time is in decaauts)
 A = Elapsed time spent in this place.
 B = Non-inter-level travel time spent in this place.
 C = Inter-level travel time spent in this place.
 D = Time resting spent in this place.
 E = Time spent auto-exploring this place.
 F = Levels seen in this place.
 G = Mean time per level.
                   A        B        C        D        E       F      G
               +--------+--------+--------+--------+--------+-----+--------+
         Total |   1435 |   1414 |     21 |     42 |    930 |   3 |  478.3 |
       Dungeon |   1435 |   1414 |     21 |     42 |    930 |   3 |  478.3 |
               +--------+--------+--------+--------+--------+-----+--------+

Top non-repeatable levels by time:
     D:1: 619 daAuts
     D:2: 523 daAuts
     D:3: 291 daAuts
